 Dungeon Crawl Stone Soup version 0.29-a0-632-g781b4ac09e (webtiles) character file.

Game seed: 11900224545819665666

6029 Glafi the Cleaver (level 10, -13/96 HPs)
             Began as a Minotaur Fighter on June 19, 2022.
             Was a Believer of Qazlal.
             Mangled by a boulder beetle (33 damage)
             ... on level 9 of the Dungeon.
             The game lasted 00:58:23 (11067 turns).

Glafi the Cleaver (Minotaur Fighter)               Turns: 11067, Time: 00:58:24

Health: -13/96     AC: 11    Str: 25    XL:     10   Next: 56%
Magic:  9/9        EV: 11    Int:  5    God:    Qazlal [**....]
Gold:   416        SH:  8    Dex: 10    Spells: 9/9 levels left

rFire   . . .      SeeInvis .   a - +0 war axe
rCold   . . .      Faith    .   c - +0 buckler
rNeg    . . .      Spirit   .   b - +0 scale mail
rPois   .          Reflect  .   (helmet restricted)
rElec   .          Harm     .   F - +0 cloak
rCorr   .          Rampage  .   (no gloves)
Will    .....                   x - +0 pair of boots
Stlth   ..........              (no amulet)
HPRegen 0.26/turn               (no ring)
MPRegen 0.11/turn               (no ring)

@: no status effects
A: horns 2, retaliatory headbutt
a: Renounce Religion, Upheaval


You were on level 9 of the Dungeon.
You worshipped Qazlal.
Qazlal was pleased with you.
You visited 1 branch of the dungeon, and saw 9 of its levels.

You collected 416 gold pieces.

Inventory:

Hand Weapons
 a - a +0 war axe (weapon)
 q - a +0 spear of venom
Armour
 b - a +0 scale mail (worn)
 c - a +0 buckler (worn)
 x - a +0 pair of boots (worn)
 F - a +0 cloak (worn)
Wands
 g - a wand of digging (5)
 m - a wand of iceblast (10)
 y - a wand of polymorph (11)
 z - a wand of flame (13)
 A - a wand of charming (18)
 I - a wand of quicksilver (8)
 M - a wand of mindburst (2)
Scrolls
 e - 6 scrolls of noise
 j - 9 scrolls of teleportation
 k - a scroll of brand weapon
 o - 3 scrolls of fog
 v - 2 scrolls of identify
 w - a scroll of torment {unknown}
 B - a scroll of poison {unknown}
 D - a scroll of amnesia {unknown}
 E - a scroll of blinking {unknown}
 G - 2 scrolls of magic mapping {unknown}
 J - a scroll of fear {unknown}
Potions
 d - a potion of might
 f - a potion of degeneration {unknown}
 h - 2 potions of lignification
 i - 4 potions of curing
 l - a potion of cancellation {unknown}
 n - 4 potions of haste
 p - 3 potions of heal wounds
 r - 3 potions of flight
 s - 2 potions of resistance
 t - 4 potions of brilliance
 u - 3 potions of mutation {unknown}
 C - 2 potions of ambrosia
 H - a potion of experience
 K - a potion of invisibility
 N - a potion of attraction {unknown}
Miscellaneous
 L - a phantom mirror


   Skills:
 * Level 11.2 Fighting
 + Level 11.2 Axes
 + Level 9.4 Armour
 + Level 4.2 Dodging
 + Level 1.2 Stealth
 + Level 6.6 Shields


You had 9 spell levels left.
You didn't know any spells.
Your spell library contained the following spells:

 Spells                   Type           Power      Damage    Failure   Level
 Ensorcelled Hibernation  Hex/Ice        0%         N/A       91%         2
 Passwall                 Tmut/Erth      0%         N/A       91%         2
 Swiftness                Air            0%         N/A       99%         3
 Leda's Liquefaction      Hex/Erth       0%         N/A       100%        4
 Freezing Cloud           Conj/Ice/Air   0%         6-21      100%        5
 Lee's Rapid Deconstruct  Erth           0%         3d5*      100%        5
 Simulacrum               Ice/Necr       0%         N/A       100%        6
 Statue Form              Tmut/Erth      0%         N/A       100%        6
 Polar Vortex             Ice            0%         N/A       100%        9


Dungeon Overview and Level Annotations

Branches:
Dungeon (9/15)             Temple (0/1) D:7
   Lair: D:8-11         Orc: D:9-12

Altars:
Qazlal

Annotations:
D:3 1 runed translucent door, Crazy Yiuf


Innate Abilities, Weirdness & Mutations

You have a pair of horns on your head.
You reflexively headbutt those who attack you in melee.


Message History

A boulder beetle is nearby!
The boulder beetle curls into a ball and begins rolling!
The boulder beetle hits you!!!
* * * LOW HITPOINT WARNING * * *
The boulder beetle stops rolling and uncurls.
You hit the boulder beetle.
The boulder beetle is almost dead.
The boulder beetle barely misses you. You furiously retaliate!
You headbutt the boulder beetle, but do no damage.
The boulder beetle bites you.
* * * LOW HITPOINT WARNING * * *
You feel better.
The boulder beetle leaps!
The boulder beetle leaps!
The boulder beetle curls into a ball and begins rolling!
You hit the boulder beetle but do no damage.
You headbutt the boulder beetle, but do no damage.
The boulder beetle is almost dead.
The boulder beetle barely misses you.
The boulder beetle stops rolling and uncurls.
You hit the boulder beetle but do no damage.
The boulder beetle is severely wounded.
You block the boulder beetle's attack.
You hit the boulder beetle but do no damage.
Your headbutt misses the boulder beetle.
The boulder beetle is severely wounded.
The boulder beetle closely misses you.
You hit the boulder beetle.
The boulder beetle is almost dead.
The boulder beetle bites you.
* * * LOW HITPOINT WARNING * * *
You slash the boulder beetle!
The boulder beetle is almost dead.
The boulder beetle barely misses you.
You hit the boulder beetle but do no damage.
You headbutt the boulder beetle, but do no damage.
The boulder beetle is almost dead.
The boulder beetle leaps!
The boulder beetle curls into a ball and begins rolling!
The boulder beetle hits you!!
You die...

#......#......#......##)..###
#......#......+......#.)....#
#....<.'......#.....##.#..#..
#...)..####...#.....#.....#..
####......#####....##..#.....
#...............#.....#...
#..............##.........
#..........>...#....##....
#####........@B○°..#.#....##..
#..................#.###......
#.................##...###...#
#.................#......###.#
#................##..#.....###
#....########....#..#....#...#
#....#......#...##.##....##.##
#....#......#...#..#..#..#..#.
#....#......#.)##........#.##.


You could see a boulder beetle (rolling).

Vanquished Creatures
  A two-headed ogre (D:9)
  Pikel (D:4)
  A gargoyle (D:9)
  A troll (D:9)
  A hornet (D:9)
  Grinder (D:3)
  4 yaks (D:9)
  Eustachio (D:4)
  3 steam dragons
  2 water moccasins
  Duvessa (D:5)
  An ice beast (D:7)
  A sky beast (D:7)
  An orc warrior (D:8)
  2 ogres (D:7)
  2 centaurs (D:7)
  2 phantoms
  4 kobold brigands
  2 bullfrogs (D:9)
  5 scorpions
  7 wights
  Dowan (D:5)
  A gnoll shaman (D:9)
  6 orc priests
  A hound (D:5)
  3 iguanas
  Natasha (twice) (D:4)
  7 orc wizards
  Robin (D:3)
  9 adders
  8 gnolls
  A white imp (D:7)
  An ufetubus (D:5)
  6 dart slugs
  38 orcs
  7 endoplasms
  2 giant cockroaches
  16 goblins
  9 hobgoblins
  14 kobolds
  7 quokkas
  3 ball pythons (D:2)
  6 bats
  2 frilled lizards (D:2)
  4 rats
199 creatures vanquished.

Vanquished Creatures (others)
  13 plants (D:4)
13 creatures vanquished.

Grand Total: 212 creatures vanquished

Notes
Turn   | Place    | Note
-------+----------+-------------------------------------------
     0 | D:1      | Glafi the Minotaur Fighter began the quest for the Orb.
     0 | D:1      | Reached XP level 1. HP: 19/19 MP: 0/0
   365 | D:1      | Reached XP level 2. HP: 27/27 MP: 1/1
   427 | D:1      | Found a faded altar of an unknown god.
   975 | D:2      | Reached XP level 3. HP: 24/33 MP: 2/2
  1200 | D:2      | Reached XP level 4. HP: 40/40 MP: 3/3
  1920 | D:3      | Reached XP level 5. HP: 39/47 MP: 4/4
  2074 | D:3      | Reached skill level 1 in Dodging
  2091 | D:3      | Reached skill level 5 in Axes
  2262 | D:3      | Found a runed translucent door.
  2263 | D:3      | Noticed Crazy Yiuf
  2319 | D:3      | Noticed Robin
  2327 | D:3      | Killed Robin
  2381 | D:3      | Noticed Grinder
  2393 | D:3      | Killed Grinder
  2394 | D:3      | Reached skill level 5 in Fighting
  2394 | D:3      | Reached XP level 6. HP: 7/56 MP: 5/5
  2398 | D:3      | Reached skill level 5 in Armour
  3475 | D:4      | Reached XP level 7. HP: 42/61 MP: 6/6
  3663 | D:4      | Noticed Eustachio
  3715 | D:4      | Killed Eustachio
  3971 | D:4      | Noticed Pikel
  3988 | D:4      | Killed Pikel
  3989 | D:4      | Reached XP level 8. HP: 36/71 MP: 7/7
  4163 | D:4      | Noticed Natasha
  4171 | D:4      | Killed Natasha
  4630 | D:4      | Noticed Natasha
  4812 | D:4      | Killed Natasha
  5345 | D:5      | Entered Level 5 of the Dungeon
  5439 | D:5      | Reached skill level 5 in Shields
  5557 | D:5      | Found a stormy altar of Qazlal.
  5570 | D:5      | Became a worshipper of Qazlal Stormbringer
  5705 | D:5      | Reached skill level 1 in Stealth
  5823 | D:5      | Noticed Dowan
  5827 | D:5      | Noticed Duvessa
  5837 | D:5      | Killed Duvessa
  5849 | D:5      | Killed Dowan
  6634 | D:6      | Reached XP level 9. HP: 55/81 MP: 8/8
  8269 | D:7      | Reached * piety under Qazlal
  8439 | D:7      | Found a sand-covered staircase.
  8543 | D:7      | Found a staircase to the Ecumenical Temple.
  8686 | D:7      | Reached skill level 10 in Axes
  9914 | D:9      | Reached XP level 10. HP: 88/93 MP: 9/9
  9960 | D:9      | Reached skill level 10 in Fighting
  9962 | D:9      | Reached ** piety under Qazlal
 10163 | D:9      | Noticed a gargoyle
 10181 | D:9      | Killed a gargoyle
 10454 | D:9      | Noticed a two-headed ogre
 10462 | D:9      | Killed a two-headed ogre
 11020 | D:9      | Noticed a boulder beetle
 11067 | D:9      | Mangled by a boulder beetle

Illustrated notes

Levels and vault maps discovered:
D:1:      psy_arrival_basics, layout_basic,
          shapermc_ecumenical_altar_hornbeckon, hangedman_decor_slide_cut
D:2:      layout_basic, chequers_serial_rivers_small_b, grunt_ministairs_15
D:3:      layout_loops_corners, uniq_crazy_yiuf_cottage, uniq_grinder,
          uniq_robin
D:4:      layout_loops_ring, chequers_big_river, dreamdust_princess_bridge,
          uniq_natasha, uniq_eustachio, uniq_pikel
D:5:      layout_gridville, nicolae_qazlal_scattered_showers, uniq_duvessa
D:6:      layout_layer_cave
D:7:      layout_loops_ring, minmay_temple_entry_waves, enter_ossuary_1
D:8:      layout_basic
D:9:      minmay_skewed_foursquare, layout_irregular_city, trog_ov_bears_minmay,
          enter_bailey_2

Skill      XL: |  1  2  3  4  5  6  7  8  9 10 |
---------------+-------------------------------+-----
Fighting       | 4 5 6 8 9 11 | 11.2
Shields        | 4 5 6 |  6.6
Axes           | 3 4 5 6 7 8 10 11 | 11.2
Armour         | 4 5 6 7 8 9 |  9.4
Dodging        | 1 2 3 4 |  4.2
Stealth        | 1 |  1.2

Action                   |  1- 3 |  4- 6 |  7- 9 | 10-12 || total
-------------------------+-------+-------+-------+-------++-------
Melee: War axe           |    69 |   147 |   290 |   102 ||   608
       Headbutt          |     7 |    17 |    51 |    25 ||   100
  Use: Scroll            |       |       |    13 |       ||    13
       Potion            |       |       |       |     1 ||     1
Armor: Scale mail        |    25 |    74 |   101 |    18 ||   218
Dodge: Dodged            |    45 |    59 |   111 |    37 ||   252
Block: Buckler           |    24 |    16 |    57 |    33 ||   130

Table legend: (Time is in decaauts)
 A = Elapsed time spent in this place.
 B = Non-inter-level travel time spent in this place.
 C = Inter-level travel time spent in this place.
 D = Time resting spent in this place.
 E = Time spent auto-exploring this place.
 F = Levels seen in this place.
 G = Mean time per level.
                   A        B        C        D        E       F      G
               +--------+--------+--------+--------+--------+-----+--------+
         Total |  11210 |  10843 |    367 |   2550 |   6637 |   9 | 1245.6 |
       Dungeon |  11210 |  10843 |    367 |   2550 |   6637 |   9 | 1245.6 |
               +--------+--------+--------+--------+--------+-----+--------+

Top non-repeatable levels by time:
     D:4: 1912 daAuts
     D:3: 1659 daAuts
     D:7: 1441 daAuts
     D:6: 1280 daAuts
     D:9: 1196 daAuts
     D:5: 1098 daAuts
     D:1: 974 daAuts
     D:2: 914 daAuts
     D:8: 732 daAuts
